 Dungeon Crawl Stone Soup version 0.16-a0-702-gf4f471d (webtiles) character file.

886 PolkaDot the Changer (level 7, -1/52 HPs)
             Began as a White Draconian Transmuter on Sept 20, 2014.
             Was a Follower of Okawaru.
             Slain by an orc
             ... wielding a +1 flail of distortion
              (4 damage)
             ... on Level 6 of the Dungeon.
             The game lasted 00:21:07 (5659 turns).

PolkaDot the Changer (White Draconian Transmuter)   Turns: 5659, Time: 00:21:08

HP  -1/52        AC  8     Str 12      XL: 7   Next: 77%
MP  12/12        EV 12     Int 13      God: Okawaru [*.....]
Gold 206         SH  0     Dex 14      Spells:  3 memorised,  4 levels left

rFire  . . .     SeeInvis +       - Unarmed
rCold  + . .     Clarity  .     (armour unavailable)
rNeg   . . .     rCorr    .     (no shield)
rPois  .         rRot     .     (helmet restricted)
rElec  .         Spirit   .     v - +0 cloak
SustAb .         Warding  .     (no gloves)
rMut   .         Stasis   +     (no boots)
Gourm  .                        k - amulet of stasis
MR     .....                    (no ring)
                                (no ring)

@: lethally poisoned, very slightly contaminated, invisible, not resistant to
hostile enchantments, very unstealthy
A: breathe frost, unfitting armour, see invisible, cold resistance 1, shaggy fur
1, cold-blooded, placid magic 1, AC +6
a: Breathe Frost, Heroism, Renounce Religion


You were on level 6 of the Dungeon.
You worshipped Okawaru.
Okawaru was aware of your devotion.
You were not hungry.

You visited 1 branch of the dungeon, and saw 6 of its levels.

You collected 206 gold pieces.

Inventory:

Missiles
 b - 79 arrows
 n - 17 arrows of frost
Armour
 v - a +0 cloak (worn)
Magical devices
 s - a wand of slowing (13) {unknown}
 y - a wand of magic darts (14) {unknown}
Comestibles
 a - 3 bread rations
 j - a beef jerky
 m - a chunk of gnoll flesh
 t - a slice of pizza
Scrolls
 e - 4 scrolls of remove curse
 f - 2 scrolls of random uselessness
 h - a scroll of fog {unknown}
 i - a scroll of fear {unknown}
 l - a scroll of amnesia
 o - a scroll of teleportation {unknown}
 p - a scroll of identify
 q - a scroll of immolation {unknown}
Jewellery
 k - an amulet of stasis (around neck)
Potions
 g - a potion of brilliance
 u - a potion of poison {unknown}
 x - a potion of magic {unknown}
Books
 d - a book of Changes

   Spells                             Type                      Level
   *Beastly Appendage                 Transmutation                1
   *Sticks to Snakes                  Transmutation                2
   *Spider Form                       Transmutation/Poison         3
   Ice Form                           Ice/Transmutation            4
   Blade Hands                        Transmutation                5


   Skills:
 - Level 1.1 Fighting
 - Level 1.7 Dodging
 - Level 5.0 Unarmed Combat
 - Level 2.0 Spellcasting
 * Level 7.6 Transmutations
 - Level 2.5 Poison Magic


You had 4 spell levels left.
You knew the following spells:

 Your Spells              Type           Power        Failure   Level  Hunger
a - Beastly Appendage     Trmt           ##....       1%          1    ##.....
s - Sticks to Snakes      Trmt           ##........   1%          2    ###....
z - Spider Form           Trmt/Pois      #.........   5%          3    ####...


Dungeon Overview and Level Annotations

Branches:
Dungeon (6/15)             Temple (0/1) D:5

Altars:
Cheibriados
Dithmenos
Okawaru


Innate Abilities, Weirdness & Mutations

You can breathe waves of freezing cold.
You can buffet flying creatures when you breathe cold.
Your icy white scales are hard (AC +6).
Your body does not fit into most forms of armour.
Your flesh is cold resistant.
Your cold-blooded metabolism reacts poorly to cold.
You have supernaturally acute eyesight.
You are covered in fur (AC +1).
Your spells are a little easier to cast, but a little less powerful.


Message History

Something smites you!
* * * LOW HITPOINT WARNING * * *
Drink which item? (? for menu, Esc to quit)
You fade into invisibility!
You have got your breath back.
You are very lightly contaminated with residual magic.
The orc priest mumbles some strange prayers to Beogh against the orc.
The orc convulses in agony!
You feel sick.
You catch the helpless orc completely off-guard!
You hit the orc.
The orc is moderately wounded.
Your horns disappear.
The orc barely misses you.
You hit the orc but do no damage. You punch the orc.
The orc is almost dead.
You feel sick. The orc hits you with a glowing flail.
* * * LOW HITPOINT WARNING * * *
Space bends around you.
You die...

................g...
#.#...#.###.#)##....
#.#.S.#..(.......... #
#.........#####....)
#.#.#.(.(....%........
#.#.##)#..#######.....
#....)o.....# #.....
###.####..#.# ##...#
#.o@....#.######...#
######.............#
#..#...........
#...#.######.##
#..#.#### #.......#
#.#####.# #.# # #.#


You could see an orc.

Vanquished Creatures
  A sky beast (D:5)
  A centaur (D:5)
  A giant frog (D:6)
  A centaur zombie (D:5)
  A centaur skeleton (D:4)
  An iguana (D:4)
  2 hounds
  3 orc wizards (D:5)
  3 worker ants
  A hound zombie (D:5)
  12 gnolls
  10 adders
  2 worms (D:2)
  An adder zombie (D:5)
  10 orcs
  2 giant cockroaches
  14 goblins
  5 hobgoblins
  17 jackals
  7 quokkas
  9 bats
  3 giant geckos
  A giant gecko skeleton (D:4)
  4 giant newts
  A hobgoblin zombie (D:6)
  14 kobolds
  An orc skeleton (D:4)
  15 rats
143 creatures vanquished.

Vanquished Creatures (others)
  2 butterflies (D:6)
2 creatures vanquished.

Grand Total: 145 creatures vanquished

Notes
Turn   | Place    | Note
--------------------------------------------------------------
     0 | D:1      | PolkaDot, the Draconian Transmuter, began the quest for the Orb.
     0 | D:1      | Reached XP level 1. HP: 16/16 MP: 3/3
   218 | D:1      | Reached XP level 2. HP: 21/23 MP: 4/4
   425 | D:1      | Reached skill level 4 in Unarmed Combat
   793 | D:1      | Reached XP level 3. HP: 25/28 MP: 6/6
   869 | D:1      | Learned a level 3 spell: Spider Form
   872 | D:1      | Learned a level 2 spell: Sticks to Snakes
  1335 | D:2      | Reached skill level 5 in Unarmed Combat
  1335 | D:2      | Reached XP level 4. HP: 26/35 MP: 5/7
  1876 | D:2      | Reached skill level 1 in Poison Magic
  2206 | D:3      | Reached XP level 5. HP: 35/40 MP: 9/9
  2964 | D:3      | Found an iron altar of Okawaru.
  2979 | D:3      | Became a worshipper of Warmaster Okawaru
  3325 | D:4      | Reached XP level 6. HP: 25/47 MP: 5/10
  4049 | D:5      | Entered Level 5 of the Dungeon
  4209 | D:4      | Gained mutation: You have supernaturally acute eyesight. [potion of mutation]
  4209 | D:4      | Gained mutation: Your spells are a little easier to cast, but a little less powerful. [potion of mutation]
  4209 | D:4      | Gained mutation: You are covered in fur (AC +1). [potion of mutation]
  4414 | D:5      | Reached skill level 5 in Transmutations
  4801 | D:5      | Acquired Okawaru's first power
  4913 | D:5      | Found a shadowy altar of Dithmenos.
  4971 | D:5      | Your scales start taking on an icy white colour.
  4971 | D:5      | Gained mutation: Your flesh is cold resistant. [draconian maturity]
  4971 | D:5      | Reached XP level 7. HP: 47/52 MP: 9/12
  5017 | D:5      | Found a staircase to the Ecumenical Temple.
  5127 | D:5      | Reached skill level 6 in Transmutations
  5227 | D:5      | Found a snail-covered altar of Cheibriados.
  5472 | D:6      | Reached skill level 7 in Transmutations
  5659 | D:6      | Slain by an orc

Action                   |  1- 3 |  4- 6 |  7- 9 || total
-------------------------+-------+-------+-------++-------
Melee: Unarmed           |   131 |   306 |    78 ||   515
 Cast: Beastly Appendage |    11 |    20 |     5 ||    36
       Spider Form       |       |     5 |     1 ||     6
 Abil: Breathe Frost     |       |       |     6 ||     6
  Use: Potion            |       |     2 |     1 ||     3
       Scroll            |       |     1 |     3 ||     4
 Stab: Invisible         |       |       |     1 ||     1
  Eat: Chunk             |     2 |    13 |     2 ||    17
       Fruit             |       |       |     2 ||     2
